 Seeded DCSS version 0.30-a0-390-g80c34de65d (webtiles) character file.

Game seed: 5000000 (custom seed)

6 McGhostyFace the Magician (level 1, 0/13 HPs)
             Began as a Gnoll Wanderer on Dec 4, 2022.
             Slain by a jackal (2 damage)
             ... on level 1 of the Dungeon.
             The game lasted 00:01:28 (62 turns).

McGhostyFace the Magician (Gnoll Wanderer)            Turns: 62, Time: 00:01:29

Health: 0/13       AC:  2    Str:  7    XL:     1   Next: 90%
Magic:  4/8        EV: 11    Int: 11    God:
Gold:   17         SH:  0    Dex: 15    Spells: 13/14 levels left

rFire   . . .      SeeInvis .    a - +2 sling
rCold   . . .      Faith    .    (no shield)
rNeg    . . .      Spirit   .    d - +0 robe
rPois   .          Reflect  .    (no helmet)
rElec   .          Harm     .    (no cloak)
rCorr   .          Rampage  .    (no gloves)
Will    .....                    (no boots)
Stlth   +.........               (no amulet)
HPRegen 0.22/turn                (no ring)
MPRegen 0.11/turn                (no ring)

@: very slightly contaminated
A: fangs 1, strong nose, distributed training
a: no special abilities


You were on level 1 of the Dungeon.
You visited 1 branch of the dungeon, and saw 1 of its levels.

You collected 17 gold pieces.

Inventory:

Hand Weapons
 a - a +2 sling (weapon)
Armour
 d - a +0 robe (worn)
Potions
 c - a potion of berserk rage
 e - a potion of flight {unknown}
Miscellaneous
 b - a piece from Xom's chessboard (15/15)


   Skills:
 + Level 0.2 Fighting
 + Level 0.2 Short Blades
 + Level 0.2 Long Blades
 + Level 0.2 Axes
 + Level 0.2 Maces & Flails
 + Level 0.2 Polearms
 + Level 0.2 Staves
 + Level 4.4 Ranged Weapons
 + Level 0.2 Throwing
 + Level 0.2 Armour
 + Level 0.2 Dodging
 + Level 0.2 Stealth
 + Level 0.2 Shields
 + Level 0.2 Unarmed Combat
 + Level 7.1 Spellcasting
 + Level 0.1 Conjurations
 + Level 0.1 Hexes
 + Level 0.1 Summonings
 + Level 0.1 Necromancy
 + Level 0.1 Translocations
 + Level 0.1 Transmutations
 + Level 0.1 Fire Magic
 + Level 0.1 Ice Magic
 + Level 0.1 Air Magic
 + Level 0.1 Earth Magic
 + Level 0.1 Poison Magic
 + Level 4.4 Invocations
 + Level 6.4 Evocations


You had 13 spell levels left.
You knew the following spells:

 Your Spells              Type           Power      Damage    Failure   Level
a - Summon Small Mammal   Summ           16%        N/A       16%         1

Your spell library contained the following spells:

 Spells                   Type           Power      Damage    Failure   Level
 Summon Guardian Golem    Hex/Summ       4%         N/A       43%         3


Dungeon Overview and Level Annotations

Branches:
Dungeon (1/15)

Altars:


Innate Abilities, Weirdness & Mutations

You have very sharp teeth.
Your uncanny sense of smell can sniff out nearby items.
Your experience applies equally to all skills.


Message History

The bat hits you but does no damage.
A jackal comes into view.
You hear a bark!
You shoot a sling bullet. The sling bullet hits the endoplasm.
You kill the endoplasm!
Your bat hits the bat.
Your bat hits the bat but does no damage.
The bat closely misses you.
You shoot a sling bullet.
The sling bullet completely misses the jackal.
The sling bullet hits the jackal.
You kill the jackal!
The bat hits you.
Your bat misses the bat. The jackal bites you. x2
You shoot a sling bullet. The sling bullet hits the jackal.
The jackal is almost dead.
Your bat completely misses the bat.
The bat hits you but does no damage.
Your bat closely misses the bat.
A jackal comes into view.
The quokka barely misses you.
You shoot a sling bullet.
The sling bullet hits the jackal but does no damage.
You hear an angry hiss.
Your bat hits the bat but does no damage.
The bat hits you but does no damage. The jackal barely misses you.
The jackal bites you.
* * * LOW HITPOINT WARNING * * *
The quokka barely misses you.
Do you really want to go berserk while wielding your +2 sling?
Okay, then.
Unknown command.
The quokka attacks as you move away! The quokka bites you.
* * * LOW HITPOINT WARNING * * *
Your bat closely misses the bat.
The bat barely misses you. The jackal closely misses you.
A frilled lizard comes into view.
The jackal bites you.
* * * LOW HITPOINT WARNING * * *
The jackal closely misses you. The jackal attacks as you move away!
The jackal bites you.
You die...

≈≈..≈§### #######
##'§#######.#.....##
#.................##
####..[............#
#...............#
#...............# ∆
#...............#
#........b...r..#
#...........@h..#
##........b$hhr†#
##.....#.....#......
##.#.######## .#...
#...# l... ..... ..
....... .. .#..... #
#.#...... ∆


You could see 2 quokkas, 3 jackals, a bat (ally target), a frilled lizard and a
friendly bat (summoned).

Vanquished Creatures
  A dart slug (D:1)
  An endoplasm (D:1)
  A jackal (D:1)
  A bat (D:1)
4 creatures vanquished.

Notes
Turn   | Place    | Note
-------+----------+-------------------------------------------
     0 | D:1      | McGhostyFace the Gnoll Wanderer began the quest for the
                  | Orb.
     0 | D:1      | McGhostyFace set off with the following items: a +2 sling,
                  | a piece from Xom's chessboard (15/15), a potion of berserk
                  | rage, a +0 robe; and the following spell memorised: Summon
                  | Small Mammal; and the following spells available to
                  | memorise: Summon Guardian Golem.
     0 | D:1      | Reached XP level 1. HP: 13/13 MP: 8/8
    62 | D:1      | Slain by a jackal

Illustrated notes

Levels and vault maps discovered:
D:1:      lightli_molten_gateway, layout_rooms, st_stairs_2

Action                   || total
-------------------------++-------
 Fire: Sling             ||    10
 Cast: Summon Small Mamm ||     4
Armor: Robe              ||     4
Dodge: Dodged            ||     8

Table legend: (Time is in decaauts)
 A = Elapsed time spent in this place.
 B = Non-inter-level travel time spent in this place.
 C = Inter-level travel time spent in this place.
 D = Time resting spent in this place.
 E = Time spent auto-exploring this place.
 F = Levels seen in this place.
 G = Mean time per level.
                   A        B        C        D        E       F      G
               +--------+--------+--------+--------+--------+-----+--------+
         Total |     63 |     63 |      0 |      0 |     28 |   1 |   63.0 |
       Dungeon |     63 |     63 |      0 |      0 |     28 |   1 |   63.0 |
               +--------+--------+--------+--------+--------+-----+--------+

Top non-repeatable levels by time:
     D:1: 63 daAuts
